 Dungeon Sprint DCSS version 0.19.4 (webtiles) character file.

2272 luca467 the Spear-Bearer (level 9, -2/91 HPs)
             Began as a Naga Gladiator on Jan 31, 2017.
             Was the Champion of Cheibriados.
             Slain by a ten-headed hydra (6 damage)
             ... in the Dungeon (Sprint IX: "|||||||||||||||||||||||||||||").
             The game lasted 00:04:43 (657 turns).

luca467 the Spear-Bearer (Naga Gladiator)            Turns: 657, Time: 00:04:44

Health: -2/91      AC: 15    Str: 35    XL:     9   Next: 38%
Magic:  8/14       EV: 16    Int: 24    God:    Cheibriados [******]
Gold:   13         SH:  0    Dex: 27    Spells: 0 memorised, 8 levels left

rFire  . . .     SeeInvis +     o - +2 halberd (venom)
rCold  . . .     Gourm    .     t - +2 ring mail
rNeg   . . .     Faith    .     (shield currently unavailable)
rPois  +         Spirit   .     w - +1 helmet
rElec  .         Reflect  .     q - +1 cloak
rCorr  .         Harm     .     p - +0 pair of gloves
MR     +....     NoTele   +     (no barding)
Stlth  +.........               (no amulet)
                                (no ring)
                                (no ring)

@: lethally poisoned (-2 -> -3), very slow
A: see invisible, deformed body, poison resistance, slowness 2, slow metabolism
1, spit poison 1, AC +3
a: Spit Poison, Bend Time, Temporal Distortion, Slouch, Step From Time, Renounce
Religion


You were in the Dungeon.
You worshipped Cheibriados.
Cheibriados was exalted by your worship.
You were not hungry.

You visited 1 branch You collected 13 gold pieces.

Inventory:

Hand Weapons
 a - a +0 trident
 o - a +2 halberd of venom (weapon)
Missiles
 d - 3 throwing nets (quivered)
Armour
 p - a +0 pair of gloves (worn)
 q - a +1 cloak (worn)
 t - a +2 ring mail (worn)
 w - a +1 helmet (worn)
Magical Staves
 n - an uncursed staff of energy
Jewellery
 r - a +3 ring of dexterity
 s - a +3 ring of dexterity
Wands
 m - a wand of acid (7/15)
Scrolls
 j - 6 scrolls of remove curse
 k - 2 scrolls of blinking
 l - 2 scrolls of amnesia
 x - a scroll of recharging
Potions
 e - a potion of invisibility
 g - 2 potions of heal wounds
 h - 5 potions of curing
 i - 4 potions of magic
 u - 4 potions of agility
 v - a potion of might
Comestibles
 f - a bread ration


   Skills:
 + Level 9.3 Fighting
 * Level 12.7 Polearms
 - Level 1.7 Throwing
 + Level 7.4 Armour
 + Level 7.9 Dodging
 + Level 7.0 Invocations


You had 8 spell levels left.
You didn't know any spells.

Dungeon Overview and Level Annotations

Branches:
Dungeon (1/1)

Altars:
Cheibriados
Dithmenos
Elyvilon
Fedhas
Gozag
Hepliaklqana
Kikubaaqudgha
Makhleb
Nemelex Xobeh
Okawaru
Qazlal
Ru
Sif Muna
Trog
Uskayaw
Vehumet
Xom
Yredelemnul
Zin
The Shining One
Beogh
Jiyva
Lugonu


Innate Abilities, Weirdness & Mutations

You cannot wear boots.
Your serpentine skin is tough. (AC +3)
You have supernaturally acute eyesight. (SInv)
Armour fits poorly on your strangely shaped body.
Your system is resistant to poisons. (rPois)
You cover ground very slowly.
You have a slow metabolism.
You can spit poison.


Message History

You kill the water moccasin!
Cheibriados thoroughly appreciates the change of pace.
Cheibriados raises the support of your attributes as your movement slows.
Your Fighting skill increases to level 9!
You kill the water moccasin!
Cheibriados thoroughly appreciates the change of pace.
You kill the porcupine!
Cheibriados thoroughly appreciates the change of pace.
You kill the porcupine!
Cheibriados thoroughly appreciates the change of pace.
Your Invocations skill increases to level 7!
You feel somewhat more hungry. The ten-headed hydra barely misses you.
The ten-headed hydra closely misses you.
The ten-headed hydra bites you but does no damage.
The ten-headed hydra barely misses you. The ten-headed hydra bites you.
* * * LOW HITPOINT WARNING * * *
The ten-headed hydra bites you.
* * * LOW HITPOINT WARNING * * *
The ten-headed hydra bites you.
You die...

▓.▓.▓.▓
▓.▓.▓.▓
▓.▓.▓.▓
▓.▓.▓.▓
▓.▓.▓.▓
▓'▓.▓.▓
▓_▓.▓.▓
▓_▓.▓.▓
▓_▓.▓@▓
▓_▓.▓D▓
▓_▓.▓†▓
▓_▓.▓†▓
▓_▓.▓.▓
▓_▓.▓†▓
▓_▓.▓.▓
▓_▓.▓.▓
▓_▓.▓.▓


You could see a ten-headed hydra.

Vanquished Creatures
  A centaur warrior (D)
  A komodo dragon (D)
  A troll (D)
  3 water moccasins (D)
  3 porcupines (D)
  An ogre (D)
  A centaur (D)
  2 bullfrogs (D)
  A killer bee (D)
  2 crimson imps (D)
  2 hounds (D)
  An orc wizard (D)
  An iguana (D)
  2 worker ants (D)
  2 orcs (D)
  A goblin (D)
  A hobgoblin (D)
  A jackal (D)
  A kobold (D)
  A bat (D)
29 creatures vanquished.

Notes
Turn   | Place    | Note
-------+----------+-------------------------------------------
     0 | D        | luca467 the Naga Gladiator began the quest for the Orb.
     0 | D        | Reached XP level 1. HP: 19/19 MP: 1/1
    14 | D        | Reached skill level 1 in Armour
    37 | D        | Noticed a worker ant
    37 | D        | Noticed an ogre
    37 | D        | Noticed a crimson imp
    37 | D        | Noticed a crimson imp
    37 | D        | Noticed a worker ant
    39 | D        | Killed a worker ant
    39 | D        | Reached skill level 4 in Polearms
    39 | D        | Reached XP level 2. HP: 21/28 MP: 2/2
    39 | D        | Reached XP level 3. HP: 26/34 MP: 3/3
    49 | D        | Killed an ogre
    49 | D        | Reached skill level 6 in Polearms
    49 | D        | Reached XP level 4. HP: 28/45 MP: 4/4
    51 | D        | Reached XP level 5. HP: 30/51 MP: 5/5
    60 | D        | Reached skill level 5 in Fighting
    60 | D        | Reached skill level 7 in Polearms
   277 | D        | Found a roughly hewn altar of Beogh.
   277 | D        | Found a snail-covered altar of Cheibriados.
   277 | D        | Found a shadowy altar of Dithmenos.
   277 | D        | Found a white marble altar of Elyvilon.
   277 | D        | Found a blossoming altar of Fedhas.
   277 | D        | Found an opulent altar of Gozag.
   278 | D        | Found a hazy altar of Hepliaklqana.
   279 | D        | Found a viscous altar of Jiyva.
   280 | D        | Found an ancient bone altar of Kikubaaqudgha.
   281 | D        | Found a corrupted altar of Lugonu.
   282 | D        | Found a burning altar of Makhleb.
   283 | D        | Found a sparkling altar of Nemelex Xobeh.
   287 | D        | Became a worshipper of Cheibriados the Contemplative
   291 | D        | Found an iron altar of Okawaru.
   292 | D        | Found a stormy altar of Qazlal.
   293 | D        | Found a sacrificial altar of Ru.
   294 | D        | Found a deep blue altar of Sif Muna.
   295 | D        | Found a bloodstained altar of Trog.
   296 | D        | Found a hide-covered altar of Uskayaw.
   297 | D        | Found a radiant altar of Vehumet.
   298 | D        | Found a shimmering altar of Xom.
   299 | D        | Found a basalt altar of Yredelemnul.
   300 | D        | Found a glowing silver altar of Zin.
   301 | D        | Found a glowing golden altar of the Shining One.
   361 | D        | Reached skill level 8 in Polearms
   361 | D        | Reached skill level 5 in Dodging
   361 | D        | Reached XP level 6. HP: 62/62 MP: 6/6
   365 | D        | Reached * piety under Cheibriados
   366 | D        | Reached ** piety under Cheibriados
   366 | D        | Reached skill level 9 in Polearms
   373 | D        | Reached *** piety under Cheibriados
   373 | D        | Reached skill level 5 in Armour
   381 | D        | Noticed a centaur warrior
   381 | D        | Noticed a troll
   387 | D        | Killed a centaur warrior
   387 | D        | Reached skill level 11 in Polearms
   387 | D        | Reached XP level 7. HP: 65/73 MP: 6/10
   387 | D        | Reached XP level 8. HP: 72/81 MP: 6/11
   391 | D        | Reached **** piety under Cheibriados
   395 | D        | Killed a troll
   395 | D        | Reached skill level 5 in Invocations
   402 | D        | Reached ***** piety under Cheibriados
   638 | D        | Noticed a komodo dragon
   638 | D        | Noticed an eight-headed hydra
   653 | D        | Killed a komodo dragon
   653 | D        | Reached skill level 12 in Polearms
   653 | D        | Reached XP level 9. HP: 84/90 MP: 13/13
   657 | D        | Reached ****** piety under Cheibriados
   657 | D        | HP: 4/91 [ten-headed hydra (1)]
   657 | D        | Slain by a ten-headed hydra

Skill      XL: |  1  2  3  4  5  6  7  8  9 |
---------------+----------------------------+-----
Armour         | 1 3 4 6 7 |  7.4
Fighting       | 3 4 5 7 8 9 |  9.3
Polearms       | 4 6 8 11 12 | 12.7
Dodging        | 3 4 5 6 7 |  7.9
Invocations    | 4 6 7 |  7.0
Throwing       | |  1.7

Action                   |  1- 3 |  4- 6 |  7- 9 || total
-------------------------+-------+-------+-------++-------
Melee: Trident           |    16 |    24 |       ||    40
       Halberd           |       |    19 |    33 ||    52
Invok: Slouch            |       |       |     1 ||     1
 Abil: Spit Poison       |     2 |     1 |       ||     3
  Use: Potion            |     4 |       |       ||     4
       Scroll            |       |       |     2 ||     2
Armor: Leather armour    |     4 |     5 |       ||     9
       Ring mail         |       |     5 |    14 ||    19
Dodge: Dodged            |    13 |    16 |    38 ||    67
